cohdb
Replays
Latest Replays
All Replays
Popular Replays
Top Player Replays
Match Explorer
How It Works
Community
CoH3 Stats
Reddit
Sign in to upload your games and track your stats! →
Sign in with Steam
Match 42307429
Unlisted
Match 42307429
Overview
Messages
Build Orders
End
Panzergrenadier Squad
250 Light Carrier
Selects Italian Infantry
Selects Italian Infantry
Panzergrenadier Squad
Construct Light Support Kompanie
2.5-tonne Medical Truck
MG34 Team
Selects Defensive Operations
Panzerjäger Squad
Fire Support Elements
Construct Panzerarmee Kommand
le.IG 18 Mechanized Group
Selects Prepared Positions
Panzer III L Medium Tank
Selects Obice 305mm Barrage
Panzer III L Medium Tank
Obice 305mm Barrage
Armored Reserves
WulfGang
Hereastrell
VSSLL
VinCo-CN
KMS Bismarck
TidaL
三哈
Kanna Scarlet
0
0
Comments
sign in to comment!
No comments posted yet!